 Dungeon Crawl Stone Soup version 0.30-a0-263-ge22c4ad894 (webtiles) character file.

Game seed: 3403083167173855993

914 byup the Chiller (level 7, 0/50 HPs)
             Began as a Red Draconian Ice Elementalist on Oct 13, 2022.
             Succumbed to a killer bee's poison
             ... on level 5 of the Dungeon on Oct 14, 2022.
             The game lasted 00:58:04 (4719 turns).

byup the Chiller (Red Draconian Ice Elementalist)   Turns: 4719, Time: 00:58:05

Health: 0/50       AC: 12    Str: 10    XL:     7   Next: 82%
Magic:  15/15      EV: 12    Int: 18    God:
Gold:   185        SH:  0    Dex: 11    Spells: 1/17 levels left

rFire   + + .      SeeInvis .    u - +2 short sword (speed)
rCold   + . .      Faith    .    B - orb {mayhem}
rNeg    . . .      Spirit   .    (body armour unavailable)
rPois   +          Reflect  .    (helmet restricted)
rElec   +          Harm     .    o - scarf {shadows}
rCorr   +          Rampage  .    k - +0 pair of gloves
Will    .....                    n - +0 pair of boots
Stlth   ++........               (no amulet)
HPRegen 0.28/turn                f - +4 ring of protection
MPRegen 0.14/turn                (no ring)

@: lethally poisoned (0 -> -6), resistant
A: breathe fire, AC +6, unfitting armour, fire resistance 1, cold-blooded,
antennae 1, inability to read after injury 1
a: Breathe Fire


You were on level 5 of the Dungeon.
You visited 1 branch of the dungeon, and saw 6 of its levels.

You collected 256 gold pieces.
You spent 71 gold pieces at shops.

Inventory:

Hand Weapons
 t - a +0 dagger of venom
 u - a +2 short sword of speed (weapon)
Missiles
 e - 29 stones
 y - 8 poisoned darts
Armour
 k - a +0 pair of gloves (worn)
 n - a +0 pair of boots (worn)
 o - a scarf of shadows (worn)
 B - an orb of mayhem (worn)
Jewellery
 f - a +4 ring of protection (left hand)
Wands
 s - a wand of paralysis (3) (quivered)
Scrolls
 c - 2 scrolls of amnesia {unknown}
 h - a scroll of torment {unknown}
 j - a scroll of brand weapon {unknown}
 l - a scroll of fear {unknown}
 p - 2 scrolls of enchant armour {unknown}
 r - 3 scrolls of teleportation {unknown}
 x - a scroll of poison
 z - a scroll of identify
 A - a scroll of butterflies {unknown}
Potions
 b - a potion of brilliance {unknown}
 d - a potion of resistance
 i - a potion of mutation
 m - a potion of flight {unknown}
 q - a potion of heal wounds {unknown}
 v - a potion of lignification {unknown}
 w - a potion of cancellation {unknown}


   Skills:
 + Level 0.2 Fighting
 + Level 0.5 Short Blades
 + Level 0.1 Throwing
 + Level 2.5 Dodging
 + Level 3.0 Stealth
 + Level 5.6 Spellcasting
 + Level 5.6 Ice Magic
 + Level 1.4 Evocations


You had one spell level left.
You knew the following spells:

 Your Spells              Type           Power      Damage    Failure   Level
a - Freeze                Ice            100%       1d10      1%          1
b - Ozocubu's Armour      Ice            25%        N/A       3%          3
c - Frozen Ramparts       Ice            50%        1d8       3%          3
d - Summon Ice Beast      Ice/Summ       15%        N/A       36%         4
e - Freezing Cloud        Conj/Ice/Air   5%         6-21      85%         5

Your spell library contained the following spells:

 Spells                   Type           Power      Damage    Failure   Level
 Ignite Poison            Fire/Tmut/Pois 5%         N/A       36%         3
 Kindle Blastsparks       Fire/Tloc/Air  10%        2d10      36%         3
 Passage of Golubria      Tloc           5%         N/A       77%         4
 Silence                  Hex/Air        2%         N/A       98%         5
 Lehudib's Crystal Spear  Conj/Erth      2%         10d2      100%        8


Dungeon Overview and Level Annotations

Branches:
Dungeon (6/15)
 Temple: D:4-7

Altars:
Makhleb

Shops:
D:2 *[([   D:4 [

Annotations:
D:5 2 runed translucent doors, drugrobin's ghost, novice DgDe


Innate Abilities, Weirdness & Mutations

You can breathe blasts of fire.
Your fiery red scales are hard. (AC +6)
You cannot fit into any form of body armour.
Your flesh is heat resistant. (rF+)
You are cold-blooded and may be slowed by cold attacks.
You have a pair of small antennae on your head.
You occasionally lose the ability to read scrolls when taking damage.


Message History

Confirm with . or Enter, or press ? or * to list all spells.
Aiming: Freeze (safe; 1% risk of failure)
Press: ? - help, Shift-Dir - straight line, f/p - killer bee
Aim: a killer bee (severely wounded, fast, strong, frenzied and insane)
You freeze the killer bee.
The killer bee is almost dead.
The killer bee buzzes angrily.
The killer bee stings you but does no damage.
The killer bee stings you!
You feel threatened and lose the ability to read scrolls!
* * * LOW HITPOINT WARNING * * *
The killer bee stings you but does no damage.
The killer bee closely misses you.
Casting: Freeze (safe; 1% risk of failure)
Confirm with . or Enter, or press ? or * to list all spells.
You don't have enough magic to cast this spell.
Unknown command.
Magic courses through your body.
You can read scrolls again.
The killer bee stings you.
* * * LOW HITPOINT WARNING * * *
You are lethally poisoned!
The killer bee poisons you! The killer bee misses you.
The killer bee barely misses you. The killer bee misses you.
The killer bee stings you.
* * * LOW HITPOINT WARNING * * *
Aiming: Paralyse
Press: ? - help, Q - select action, (/) - cycle Shift-Dir - straight line, f/p - killer bee
Aim: a killer bee (severely wounded, fast, strong, frenzied and insane, chance to affect: 61%)
The killer bee resists with significant effort.
You have got your breath back.
* * * LOW HITPOINT WARNING * * *
You feel sick. The killer bee misses you.
The killer bee stings you but does no damage.
The killer bee closely misses you.
The killer bee stings you but does no damage.
The killer bee barely misses you.
You closely miss the killer bee.
The killer bee is moderately wounded.
You die...

###... ......
...... .......####
..........####
......###....#
#.....#.########
#.....#.y@y....#
#...W{#####....#
### #....{# #....#
#.. #...$.# #....#
#.#
#.....#####....##
#..
#...yyy.y.......#
#..
#.......y.......#
##..
#......y........##
#...
#....).###.ยง.....#
#..#


You could see a killer bee and a neutral killer bee (fast, strong, insane).

Vanquished Creatures
  A water moccasin (D:5)
  An orc warrior (D:4)
  An ogre (D:4)
  2 killer bees (D:5)
  A howler monkey (D:5)
  3 hounds
  3 jellies
  An orc priest (D:4)
  5 orc wizards (D:4)
  6 gnolls (D:4)
  4 adders
  A worm (D:2)
  A dart slug (D:2)
  15 orcs
  4 ball pythons
  3 endoplasms
  3 giant cockroaches
  2 goblins
  8 hobgoblins
  4 jackals (D:3)
  2 quokkas
  3 bats
  4 kobolds
  4 rats
82 creatures vanquished.

Notes
Turn   | Place    | Note
-------+----------+-------------------------------------------
     0 | D:1      | byup the Draconian Ice Elementalist began the quest for the
                  | Orb.
     0 | D:1      | Reached XP level 1. HP: 14/14 MP: 3/3
   296 | D:1      | Reached XP level 2. HP: 18/20 MP: 1/5
  1005 | D:2      | Found Kinan's Antique Weapon Boutique.
  1108 | D:2      | Found Oseigah's General Store.
  1113 | D:2      | Bought a scroll of identify for 22 gold pieces
  1127 | D:2      | Identified the +6 mace of the Hidden Vale {antimagic,
                  | Dex+5}
  1368 | D:2      | Found Jushaonn's Armour Shoppe.
  1480 | D:2      | Found Ahuticirch's Armour Emporium.
  1542 | D:2      | Reached XP level 3. HP: 26/26 MP: 2/6
  2046 | D:2      | Bought a +0 pair of gloves for 49 gold pieces
  2403 | D:3      | Learned a level 3 spell: Ozocubu's Armour
  2407 | D:3      | Learned a level 3 spell: Frozen Ramparts
  2824 | D:4      | Reached XP level 4. HP: 33/33 MP: 0/8
  2908 | D:4      | Found Zoonkes's Antique Armour Emporium.
  3067 | D:4      | Reached skill level 5 in Ice Magic
  3067 | D:4      | Reached XP level 5. HP: 38/38 MP: 1/9
  3200 | D:4      | Found a burning altar of Makhleb.
  3304 | D:4      | Reached XP level 6. HP: 33/45 MP: 1/12
  3878 | D:4      | Noticed an orc warrior
  3889 | D:4      | Killed an orc warrior
  3890 | D:4      | Your scales start taking on a fiery red colour.
  3890 | D:4      | Reduced skill Ice Magic to level 5
  3890 | D:4      | Reached XP level 7. HP: 29/50 MP: 3/14
  3890 | D:4      | Gained mutation: Your flesh is heat resistant. (rF+) [Red
                  | Draconian growth]
  3903 | D:4      | Reached skill level 5 in Spellcasting
  3911 | D:4      | Learned a level 4 spell: Summon Ice Beast
  3917 | D:4      | Learned a level 5 spell: Freezing Cloud
  4016 | D:4      | Gained mutation: You occasionally lose the ability to read
                  | scrolls when taking damage. [potion of mutation]
  4016 | D:4      | Gained mutation: You are dopey. (Int -2) [potion of
                  | mutation]
  4016 | D:4      | Gained mutation: You have a pair of small antennae on your
                  | head. [potion of mutation]
  4016 | D:4      | Lost mutation: You are dopey. (Int -2) [potion of mutation]
  4167 | D:5      | Entered Level 5 of the Dungeon
  4266 | D:5      | Found a runed translucent gate.
  4268 | D:5      | Noticed drugrobin's ghost (novice DgDe)
  4274 | D:5      | Found a runed translucent gate.
  4315 | D:5      | You fall into a shaft and drop 1 floor!
  4607 | D:5      | Reached skill level 1 in Evocations
  4718 | D:5      | HP: 2/50 [poisoned by a killer bee]
  4719 | D:5      | Succumbed to a killer bee's poison

Illustrated notes

Levels and vault maps discovered:
D:1:      scummos_arrival_checkerplants, layout_loops_ring
D:2:      layout_basic, serial_shops, nicolae_shop_behind_doors, shop,
          nicolae_shop_waterfront, shop, hangedman_decor_push
D:3:      layout_basic
D:4:      layout_loops_corners, mainiacjoe_overflow_small_starburst,
          dk_noncrumbling_4, nicolae_take_the_stairs
D:5:      layout_basic, biasface_ghost_orc_armoury
D:6:      layout_loops_ring, nzn_hepliaklqana_mist_gate, serial_shops,
          nicolae_shop_hallway_plus

Skill      XL: |  1  2  3  4  5  6  7 |
---------------+----------------------+-----
Stealth        | 2 3 |  3.0
Dodging        | 2 |  2.5
Spellcasting   | 3 4 5 |  5.6
Ice Magic      | 5 5 |  5.6
Evocations     | 1 |  1.4
Fighting       | |  0.2
Short Blades   | |  0.5
Throwing       | |  0.1

Action                   |  1- 3 |  4- 6 |  7- 9 || total
-------------------------+-------+-------+-------++-------
Melee: Mace              |    11 |     2 |       ||    13
       Tailslap          |     1 |     1 |     4 ||     6
       Dagger            |       |    12 |       ||    12
       Short sword       |       |     1 |    26 ||    27
Throw: Stone             |     8 |     2 |       ||    10
 Cast: Freeze            |    50 |    37 |    32 ||   119
       Frozen Ramparts   |     2 |     6 |     3 ||    11
       Ozocubu's Armour  |     1 |     4 |     7 ||    12
 Abil: Breathe Fire      |       |       |     2 ||     2
Evoke: Wand              |       |     2 |     5 ||     7
  Use: Scroll            |     3 |       |     5 ||     8
       Potion            |       |     1 |     4 ||     5
 Stab: Sleeping          |     1 |       |     1 ||     2
       Paralysed         |       |       |     1 ||     1
Armor: Skin              |    19 |    27 |    50 ||    96
Dodge: Dodged            |    28 |    24 |    59 ||   111

Table legend: (Time is in decaauts)
 A = Elapsed time spent in this place.
 B = Non-inter-level travel time spent in this place.
 C = Inter-level travel time spent in this place.
 D = Time resting spent in this place.
 E = Time spent auto-exploring this place.
 F = Levels seen in this place.
 G = Mean time per level.
                   A        B        C        D        E       F      G
               +--------+--------+--------+--------+--------+-----+--------+
         Total |   4718 |   4711 |      7 |      0 |   1343 |   6 |  786.3 |
       Dungeon |   4718 |   4711 |      7 |      0 |   1343 |   6 |  786.3 |
               +--------+--------+--------+--------+--------+-----+--------+

Top non-repeatable levels by time:
     D:2: 1403 daAuts
     D:4: 1356 daAuts
     D:3: 746 daAuts
     D:1: 668 daAuts
     D:5: 337 daAuts
     D:6: 206 daAuts
